AoeStats
← TotillaTheHun

Migration

509487124Analyzed
1v1 RM · 6d ago on Sep 26, 2026· 38m 44s· 2 players
Game mode
Random Map
Map size
132×132
Population
200
Speed
Normal
Resources
Standard
Victory
Conquest
Starting age
Dark Age
Ending age
Imperial Age
RankedLock teamsTeams togetherTeam positionsShared explorationLock speedFull tech treeHidden civsTurbo modeCheats
Victory
Defeat
🇺🇸 Italians · United States
1232
+18
🇨🇦 Saracens · Canada
1266
-18
KING
11:21 Feudal Age
17:51 Castle Age
16:17 Horse Collar
16:26 Double-Bit Axe
18:58 Wheelbarrow
18:09 Loom
19:02 Wheelbarrow
18:14 Town Watch
18:55 Bow Saw
19:09 Medium Warships
20:16 Fletching
22:33 Stone Mining
23:32 Hand Cart
30:05 Horse Collar
33:58 Forging
33:48 Scale Mail Armor
34:00 Scale Barding Armor
41:39 Imperial Age
TotillaTheHun
7:53 Loom
10:33 Feudal Age
16:17 Castle Age
14:16 Fletching
14:41 Double-Bit Axe
16:39 Forging
16:34 Scale Barding Armor
16:21 Fishing Lines
17:55 Medium Warships
19:56 Bodkin Arrow
20:44 Bow Saw
22:55 Crossbowman
23:44 Gillnets
25:25 Town Watch
25:54 Gold Mining
26:07 Padded Archer Armor
27:28 Wheelbarrow
31:57 Careening
31:35 Horse Collar
32:17 Ballistics
32:01 Stone Mining
34:30 Leather Archer Armor
35:32 Thumb Ring
37:35 Iron Casting
Connection lost

Rejoining the realm…

Still unreachable

The connection could not be restored.

Session expired

The server has moved on; the page needs a fresh start.